 Dungeon Crawl Stone Soup version 0.17-a0-1882-g750edc8 (webtiles) character file.

215 Rationalist the Shield-Bearer (level 6, -4/48 HPs)
             Began as a Formicid Fighter on Sept 23, 2015.
             Killed from afar by a white imp (7 damage)
             ... with a puff of frost
             ... summoned by Natasha
             ... on level 3 of the Dungeon.
             The game lasted 00:03:09 (1854 turns).

Rationalist the Shield-Bearer (Formicid Fighter)    Turns: 1854, Time: 00:03:09

Health: -4/48      AC:  7    Str: 20    XL:     6   Next: 15%
Magic:  6/6        EV:  9    Int:  8    God:
Gold:   50         SH: 10    Dex: 12    Spells: 0 memorised, 5 levels left

rFire  . . .     SeeInvis +     a - +0 war axe
rCold  . . .     Clarity  .     b - +0 scale mail
rNeg   . . .     SustAt   .     c - +0 shield
rPois  .         Gourm    .     (helmet unavailable)
rElec  .         Spirit   .     (no cloak)
rCorr  .         Warding  .     (no gloves)
rMut   .         Stasis   +     (no boots)
MR     .....                    (no amulet)
Stlth  ..........               (no ring)
                                (no ring)

@: flying, not resistant to hostile enchantments, extremely unstealthy
A: permanent stasis, dig shafts and tunnels, four strong arms, antennae 3
a: Dig, Shaft Self


You were on level 3 of the Dungeon.
You were not hungry.

You visited 1 branch of the dungeon, and saw 3 of its levels.

You collected 50 gold pieces.

Inventory:

Hand weapons
 a - a +0 war axe (weapon)
Armour
 b - a +0 scale mail (worn)
 c - a +0 shield (worn)
Magical devices
 r - a wand of random effects (7)
Scrolls
 f - a scroll of amnesia {unknown}
 h - 2 scrolls of identify {unknown}
 i - a scroll of recharging {unknown}
 j - a scroll of magic mapping {unknown}
 k - a scroll of immolation {unknown}
 o - a scroll of teleportation {unknown}
Potions
 d - 2 potions of might
 l - a potion of cancellation {unknown}
 m - a potion of flight
 n - a potion of haste {unknown}
Comestibles
 e - 2 bread rations
 p - 2 slices of pizza
 q - 4 chunks of flesh


   Skills:
 + Level 4.0 Fighting
 + Level 2.8 Axes
 + Level 4.4 Armour
 + Level 2.0 Dodging
 + Level 5.1 Shields


You had 5 spell levels left.
You didn't know any spells.

Dungeon Overview and Level Annotations

Branches:
Dungeon (3/15)

Altars:
Kikubaaqudgha

Annotations:
D:3 Natasha


Innate Abilities, Weirdness & Mutations

You are under a permanent stasis effect.
You can dig through walls and to a lower floor.
Your four strong arms can wield two-handed weapons with a shield.
You have a pair of large antennae on your head (SInv).


Message History

The white imp grins evilly.
You block the white imp's attack.
Natasha mumbles some strange words.
Drink which item? (? for menu, Esc to quit)
It was a potion of curing.
You feel better. You block the white imp's attack. Natasha claws you.
* * * LOW HITPOINT WARNING * * *
The crimson imp hits you but does no damage.
The white imp hits you.
* * * LOW HITPOINT WARNING * * *
The white imp freezes you.
* * * LOW HITPOINT WARNING * * *
You hit Natasha but do no damage.
Natasha is severely wounded.
You hit the crimson imp but do no damage.
You closely miss the white imp. You hit the white imp.
The white imp is severely wounded.
The white imp gestures at you. The puff of frost hits you!
You die...

.# #.# #.#
####.# # ....##
#####.##5...####
.....wh@5......'
#####.##5...####
# #...## ##..#
#..# #.###..#
#......# .#
#####.## #.#
#.##########.###


You could see a worm, Natasha, a crimson imp and 2 white imps.

Vanquished Creatures
  Sigmund (D:3)
  An adder (D:2)
  2 worms (D:2)
  2 giant geckos (D:1)
  4 hobgoblins
  5 kobolds
  A quokka (D:2)
  11 bats
  A giant cockroach (D:2)
  6 giant newts
  7 goblins
  6 rats
  A rat zombie (D:2)
48 creatures vanquished.

Notes
Turn   | Place    | Note
--------------------------------------------------------------
     0 | D:1      | Rationalist the Formicid Fighter began the quest for the Orb.
     0 | D:1      | Reached XP level 1. HP: 18/18 MP: 1/1
    61 | D:1      | Reached XP level 2. HP: 20/24 MP: 2/2
   144 | D:1      | Reached skill level 4 in Shields
   444 | D:1      | Reached XP level 3. HP: 30/30 MP: 3/3
  1104 | D:2      | Reached XP level 4. HP: 34/37 MP: 4/4
  1471 | D:2      | Found an ancient bone altar of Kikubaaqudgha.
  1675 | D:3      | Noticed Sigmund
  1686 | D:3      | Killed Sigmund
  1686 | D:3      | Reached skill level 5 in Shields
  1686 | D:3      | Reached XP level 5. HP: 27/42 MP: 5/5
  1686 | D:3      | Reached XP level 6. HP: 30/48 MP: 6/6
  1836 | D:3      | Noticed Natasha
  1854 | D:3      | Killed from afar by a white imp

Vault maps used:
D:1:      dpeg_arrival_simpleton_c
D:2:      lemuel_zombie_altar_kikubaaqudgha, nicolae_overflow_hidden_temple,
          serial_glass, glass_columns_c, glass_columns_a, first_bread
D:3:      uniq_natasha, uniq_sigmund

Action                   |  1- 3 |  4- 6 || total
-------------------------+-------+-------++-------
Melee: War axe           |   117 |    56 ||   173
  Use: Potion            |       |     2 ||     2
  Eat: Chunk             |     1 |     2 ||     3
